 Dungeon Crawl Stone Soup version 0.14-a0-40-g75911bd (webtiles) character file.

9270 Malachi the Reanimator (level 11, -3/72 HPs)
             Began as a Demonspawn Necromancer on Sept 28, 2013.
             Was a Believer of Kikubaaqudgha.
             Slain by a black mamba (8 damage)
             ... on Level 2 of the Lair of Beasts.
             The game lasted 00:37:01 (14169 turns).

Malachi the Reanimator (Demonspawn Necromancer)    Turns: 14169, Time: 00:37:01

HP  -3/72        AC 15     Str  9      XL: 11   Next: 19%
MP  19/26        EV 15     Int 20      God: Kikubaaqudgha [**....]
Gold 134         SH  0     Dex 13      Spells:  4 memorised, 16 levels left

Res.Fire  : + . .   See Invis. : .   H - +5,+7 falchion "Ucewnent" {slice, rElec St Res.Cold : . . . Warding : + Q - +2 orc robe {rF+} Life Prot.: + . . Conserve : . (no shield)
Res.Poison: .       Res.Corr.  : +   o - +2 wizard hat {MR+}
Res.Elec. : +       Clarity    : .   (no cloak)
Sust.Abil.: + .     Spirit.Shd : .   y - +1 pair of gloves
Res.Mut.  : .       Stasis     : .   l - +2 pair of orc boots
Res.Rott. : .       Flight     : .   D - amulet of warding
Saprovore : . . .                    C - ring of sustenance
                                     u - ring of sustain abilities

@: burdened, quite poisoned, slow, quite resistant to hostile enchantments,
extremely stealthy
A: talons 2, demonic guardian 1, nightstalker 3, AC +4
a: Receive Corpses, Renounce Religion


You were on level 2 of the Lair of Beasts.
You worshipped Kikubaaqudgha.
Kikubaaqudgha was pleased with you.
You were encumbered.
You were hungry.

You visited 3 branches of the dungeon, and saw 12 of its levels.
You also visited: Sewer.

You collected 354 gold pieces.
You spent 240 gold pieces at shops.

Inventory:

Hand weapons
 H - the +5,+7 falchion "Ucewnent" (weapon) {slice, rElec Stlth++}
   (You bought it in a shop on level 7 of the Dungeon)

   It inflicts extra damage upon your enemies.
   It insulates you from electricity.
   It makes you much more stealthy.
Armour
 l - a +2 pair of orcish boots (worn)
 o - a +2 wizard hat of magic resistance (worn)
 y - a +1 pair of gloves (worn)
 Q - a +2 orcish robe of fire resistance (worn)
Comestibles
 c - 8 bread rations
 i - 12 sultanas
 k - 6 meat rations
 p - a beef jerky
 q - 8 strawberries
 M - 16 cheeses
 N - a royal jelly
Scrolls
 f - 2 scrolls of enchant weapon II
 g - 4 scrolls of teleportation
 h - 6 scrolls of remove curse
 j - a scroll of fog
 v - a scroll of enchant armour
 E - 2 scrolls of fear
 K - 2 scrolls of blinking
Jewellery
 u - a ring of sustain abilities (left hand)
 B - an uncursed ring of flight {unknown}
 C - a ring of sustenance (right hand)
 D - an amulet of warding (around neck)
Potions
 a - 2 potions of speed
 e - a potion of restore abilities
 m - 3 potions of invisibility
 n - a potion of beneficial mutation {unknown}
 x - 2 potions of heal wounds
 z - a potion of degeneration {unknown}
 A - 2 potions of confusion {unknown}
 F - 2 potions of berserk rage {unknown}
 G - 2 potions of brilliance {unknown}
 O - a potion of magic {unknown}
Books
 b - a book of Necromancy

   Spells                             Type                      Level
   *Pain                              Necromancy                   1
   Animate Skeleton                   Necromancy                   1
   Lethal Infusion                    Charms/Necromancy            2
   *Vampiric Draining                 Necromancy                   3
   *Regeneration                      Charms/Necromancy            3
   Animate Dead                       Necromancy                   4
   Control Undead                     Necromancy                   4
 r - a book of Battle

   Spells                             Type                      Level
   Infusion                           Charms                       1
   Shroud of Golubria                 Charms/Translocation         2
   Song of Slaying                    Charms                       2
   Spectral Weapon                    Hexes/Charms                 3
   *Regeneration                      Charms/Necromancy            3
   Song of Shielding                  Charms                       4
 w - Kikubaaqudgha's Disquisition on Evil Secrets
   (Kikubaaqudgha gifted it to you on level 7 of the Dungeon)

   Spells                             Type                      Level
   *Pain                              Necromancy                   1
   Corpse Rot                         Necromancy                   2
   *Sublimation of Blood              Necromancy                   2
   *Regeneration                      Charms/Necromancy            3
   Control Undead                     Necromancy                   4
Miscellaneous
 d - a sack of spiders
 s - an ornate deck of changes


   Skills:
 + Level 3.3 Fighting
   Level 1.6 Short Blades
 + Level 4.6 Long Blades
 + Level 6.9 Dodging
 + Level 4.9 Stealth
 + Level 7.6 Spellcasting
 + Level 0.1 Charms
 * Level 12.4 Necromancy
 + Level 0.4 Evocations


You had 16 spell levels left.
You knew the following spells:

 Your Spells              Type           Power        Failure   Level  Hunger
a - Pain                  Necr           ####         1%          1    None
b - Vampiric Draining     Necr           ######....   1%          3    #......
c - Regeneration          Chrm/Necr      ####......   1%          3    #......
d - Sublimation of Blood  Necr           ######....   1%          2    None


Dungeon Overview and Level Annotations

Branches:
Dungeon (9/27)             Temple (1/1) D:5             Orc (0/4) D:6
   Lair (2/8) D:9

Altars:
Ashenzari
Cheibriados
Elyvilon
Fedhas
Kikubaaqudgha
Makhleb
Nemelex Xobeh
Okawaru
Sif Muna
Trog
Vehumet
Xom
Yredelemnul
Zin
the Shining One
Beogh

Shops:
D:5 /   D:7 (

Annotations:
D:4 Sigmund
D:9 Maurice


Innate Abilities, Weirdness & Mutations

You have razor-sharp toenails.
You are completely covered in yellow scales (AC +4, rCorr).
A weak demonic guardian rushes to your aid.
You are completely attuned to the shadows.


Message History

You feel sick.
Your iron imp disappears in a puff of smoke!
The black mamba bites you!
* * * LOW HITPOINT WARNING * * *
You are more poisoned.
The black mamba poisons you! The black mamba bites you!
* * * LOW HITPOINT WARNING * * *
Casting: Vampiric Draining
Confirm with . or Enter, or press ? or * to list all spells.
Aiming: Vampiric Draining
Press: ? - help, Shift-Dir - straight line, f/p - black mamba
Aim: a black mamba (severely wounded)
The black mamba is almost dead.
You feel life coursing into your body.
* * * LOW HITPOINT WARNING * * *
You feel sick. The black mamba bites you.
* * * LOW HITPOINT WARNING * * *
The black mamba bites you!
You die...
Kikubaaqudgha rasps: "You have failed me!
Welcome... death!"

##.##.....P# ##....>...#....
#P........##### #.............
##............###.............
#..................P.........
##.#.........................
####........................
##........ยง................
#....#.....S.........>>....
##........%@.......(........
##...........................
#f.....%.....................
#f..........>.#...#..........
#......#.......##.#..........
#P##..f#......#####.....f....
## ######...##.# ##.......##
### ##.....## ##...#...##
#.####.....f# #.##......#


You could see a black mamba.

Vanquished Creatures
  Gastronok (D:9)
  A hydra (Lair:2)
  Pikel (D:8)
  A spiny frog (Lair:2)
  2 fire drakes
  A two-headed ogre (D:9)
  7 yaks
  4 hippogriffs
  Edmund (D:7)
  Menkaure (D:7)
  A porcupine (Lair:2)
  2 phantoms (D:9)
  3 sky beasts
  2 ice beasts
  An ogre (D:9)
  Duvessa (D:9)
  3 centaurs
  6 giant frogs
  2 giant slugs (Lair:2)
  Blork the orc (D:5)
  2 water moccasins (Lair:1)
  3 orc warriors
  A hippogriff zombie (D:8)
  4 killer bees (D:9)
  4 crocodiles
  3 wights (D:8)
  An electric eel (Lair:1)
  A goliath beetle (D:9)
  Dowan (D:9)
  6 crimson imps
  5 hounds
  An orange rat (D:7)
  3 orc priests
  9 orc wizards
  An iguana (D:9)
  A scorpion (D:8)
  6 worker ants
  A big kobold zombie (D:8)
  A mummy (D:8)
  A worker ant zombie (D:6)
  10 adders
  3 green rats (D:7)
  3 gnolls (D:8)
  4 giant centipedes
  3 giant mites
  A worm (D:5)
  2 adder zombies (D:6)
  7 grey rats
  2 giant eyeballs
  24 orcs
  A bat zombie (D:6)
  3 giant cockroaches
  16 hobgoblins
  7 jackals
  16 kobolds
  2 oozes
  17 bats
  6 giant geckos
  8 giant newts
  16 goblins
  An orc zombie (D:7)
  6 quokkas
  32 rats
287 creatures vanquished.

Vanquished Creatures (collateral kills)
  A troll (D:9)
  A yak (Lair:2)
  A sky beast (D:9)
  An ogre (D:5)
  An orc warrior (D:6)
  2 killer bees (D:9)
  2 orc priests (D:6)
  A scorpion (D:4)
  A grey rat (D:9)
  A giant gecko (D:6)
  2 orcs (D:6)
  A giant newt (D:5)
15 creatures vanquished.

Vanquished Creatures (others)
  A slave (D:8)
  5 crimson imps
  5 iron imps
  10 lemures
  2 white imps
  6 ufetubi
  A kobold (D:8)
30 creatures vanquished.

Grand Total: 332 creatures vanquished

Notes
Turn   | Place    | Note
--------------------------------------------------------------
     0 | D:1      | Malachi, the Demonspawn Necromancer, began the quest for the Orb.
     0 | D:1      | Reached XP level 1. HP: 13/13 MP: 3/3
   416 | D:1      | Gained mutation: You are partially covered in yellow scales (AC +2). [demonic ancestry]
   416 | D:1      | Reached XP level 2. HP: 5/19 MP: 1/4
  1347 | D:1      | Gained mutation: A weak demonic guardian rushes to your aid. [demonic ancestry]
  1347 | D:1      | Reached XP level 3. HP: 15/24 MP: 1/6
  1466 | D:2      | Reached skill level 5 in Necromancy
  1923 | D:2      | Found a shimmering altar of Xom.
  2115 | D:3      | Learned a level 3 spell: Vampiric Draining
  2310 | D:3      | Gained mutation: You are mostly covered in yellow scales (AC +3). [demonic ancestry]
  2310 | D:3      | Reached XP level 4. HP: 28/30 MP: 5/8
  2878 | D:4      | Noticed an ice beast
  2911 | D:4      | Gained mutation: You have sharp toenails. [demonic ancestry]
  2911 | D:4      | Reached XP level 5. HP: 35/35 MP: 10/10
  2914 | D:4      | Killed an ice beast
  2914 | D:4      | Reached skill level 6 in Necromancy
  2989 | D:4      | Paralysed by a giant eyeball for 3 turns
  2996 | D:4      | Found a snail-covered altar of Cheibriados.
  3417 | D:4      | Noticed Sigmund
  3431 | D:4      | Gained mutation: You are slightly more attuned to the shadows. [demonic ancestry]
  3431 | D:4      | Reached XP level 6. HP: 37/41 MP: 10/12
  3448 | D:5      | Entered Level 5 of the Dungeon
  3562 | D:5      | Noticed Blork the orc
  3581 | D:5      | Killed Blork the orc
  3581 | D:5      | Reached skill level 7 in Necromancy
  3712 | D:5      | Found a deep blue altar of Sif Muna.
  4037 | D:5      | Found a glowing drain.
  4066 | D:5      | Gained mutation: You are completely covered in yellow scales (AC +4, rCorr). [demonic ancestry]
  4066 | D:5      | Reached XP level 7. HP: 40/46 MP: 11/15
  4091 | D:5      | Found Minoirut's Magical Wand Emporium.
  4144 | Sewer    | Entered a sewer
  4411 | D:5      | Found a staircase to the Ecumenical Temple.
  4531 | D:5      | Learned a level 3 spell: Regeneration
  4909 | D:5      | Reached skill level 8 in Necromancy
  5121 | D:6      | Reached skill level 1 in Short Blades
  5302 | D:6      | Found a shimmering altar of Xom.
  5380 | D:6      | Found a staircase to the Orcish Mines.
  5555 | D:6      | Reached skill level 1 in Fighting
  5585 | D:6      | Found a roughly hewn altar of Beogh.
  5586 | D:6      | Reached XP level 8. HP: 34/53 MP: 6/18
  5927 | Temple   | Entered the Ecumenical Temple
  6144 | Temple   | Became a worshipper of Kikubaaqudgha
  6821 | D:7      | Found Ylaeczaz's Antique Weapon Emporium.
  6825 | D:7      | Bought a dazzling falchion for 240 gold pieces
  6832 | D:7      | Identified the +5,+7 falchion "Ucewnent" {slice, rElec Stlth++} (You bought it in a shop on level 7 of the Dungeon)
  6832 | D:7      | Identified the +5,+7 falchion "Ucewnent" {slice, rElec Stlth++} (You bought it in a shop on level 7 of the Dungeon)
  7073 | D:7      | Noticed Edmund
  7090 | D:7      | Killed Edmund
  7090 | D:7      | Reached skill level 9 in Necromancy
  7297 | D:7      | Reached skill level 1 in Long Blades
  7426 | D:7      | Noticed Menkaure
  7434 | D:7      | Killed Menkaure
  7434 | D:7      | Reached skill level 5 in Spellcasting
  7591 | D:7      | Acquired Kikubaaqudgha's first power
  7591 | D:7      | Received a gift from Kikubaaqudgha
  7594 | D:7      | Identified Kikubaaqudgha's Disquisition on Evil Secrets (Kikubaaqudgha gifted it to you on level 7 of the Dungeon)
  7598 | D:7      | Learned a level 2 spell: Sublimation of Blood
  7937 | D:8      | Gained mutation: You are significantly more attuned to the shadows. [demonic ancestry]
  7937 | D:8      | Reached XP level 9. HP: 38/59 MP: 20/20
  8382 | D:8      | Noticed Pikel
  8400 | D:8      | Killed Pikel
  8400 | D:8      | Reached skill level 5 in Dodging
  8724 | D:8      | Reached skill level 10 in Necromancy
  9156 | D:9      | Noticed Duvessa
  9158 | D:9      | Noticed Dowan
  9166 | D:9      | Killed Duvessa
  9173 | D:9      | Killed Dowan
  9240 | D:9      | Noticed Gastronok
  9259 | D:9      | Killed Gastronok
  9259 | D:9      | Reached skill level 11 in Necromancy
  9259 | D:9      | Gained mutation: You are completely attuned to the shadows. [demonic ancestry]
  9259 | D:9      | Reached XP level 10. HP: 9/66 MP: 1/23
  9558 | D:9      | Noticed Maurice
  9627 | D:9      | Found a burning altar of Makhleb.
  9694 | D:9      | Acquired Kikubaaqudgha's second power
  9834 | D:9      | Noticed a fire drake
  9835 | D:9      | Found a staircase to the Lair.
  9846 | D:9      | Killed a fire drake
 10940 | Lair:1   | Entered Level 1 of the Lair of Beasts
 11132 | Lair:1   | Reached skill level 12 in Necromancy
 13259 | Lair:2   | Noticed a four-headed hydra
 13284 | Lair:2   | Killed a five-headed hydra
 13284 | Lair:2   | Gained mutation: You have razor-sharp toenails. [demonic ancestry]
 13284 | Lair:2   | Reached XP level 11. HP: 23/72 MP: 4/25
 14169 | Lair:2   | Slain by a black mamba

Action                   |  1- 3 |  4- 6 |  7- 9 | 10-12 || total
-------------------------+-------+-------+-------+-------++-------
Melee: Short sword       |    33 |    92 |   291 |       ||   416
       Unarmed           |     1 |       |       |       ||     1
       Falchion          |       |       |   204 |   303 ||   507
 Cast: Pain              |    64 |    70 |    26 |    25 ||   185
       Vampiric Draining |       |     8 |    46 |    52 ||   106
       Regeneration      |       |       |     5 |       ||     5
       Sublimation of Bl |       |       |     1 |     4 ||     5
Evoke: Wand              |       |     2 |     2 |       ||     4
  Use: Scroll            |    11 |       |     5 |     7 ||    23
       Potion            |       |     3 |       |     1 ||     4
 Stab: Distracted        |       |     1 |     2 |     2 ||     5
       Sleeping          |       |     1 |    16 |    15 ||    32
